 Dungeon Crawl Stone Soup version 0.28-a0-1435-g82390b3a13 (webtiles) character file.

Game seed: 16934418755310717441

2892 KyoPewz the Archer (level 9, -1/52 HPs)
             Began as a Deep Elf Arcane Marksman on Jan 9, 2022.
             Was a Priest of Fedhas.
             Shot with a sling bullet by Joseph (11 damage)
             ... on level 7 of the Dungeon.
             The game lasted 00:53:35 (11919 turns).

KyoPewz the Archer (Deep Elf Arcane Marksman)      Turns: 11919, Time: 00:53:36

Health: -1/52      AC:  9    Str: 17    XL:     9   Next: 48%
Magic:  4/18       EV: 15    Int: 19    God:    Fedhas [***...]
Gold:   269        SH:  0    Dex: 15    Spells: 3/17 levels left

rFire   + . .      SeeInvis .   a - +0 shortbow {bow}
rCold   . . .      Faith    .   (shield currently unavailable)
rNeg    . . .      Spirit   .   C - +3 leather armour of Brilliance {rCorr}
rPois   .          Reflect  .   (no helmet)
rElec   .          Harm     .   (no cloak)
rCorr   +          Rampage  .   K - +2 pair of gloves
Will    .....                   (no boots)
Stlth   +.........              s - amulet of regeneration {@e2}
HPRegen 0.97/turn               t - ring of protection from fire
MPRegen 0.16/turn               u - +6 ring of strength

@: portalling projectiles
A: no striking features
a: Renounce Religion, Wall of Briars, Grow Ballistomycete


You were on level 7 of the Dungeon.
You worshipped Fedhas.
Fedhas was most pleased with you.
You visited 2 branches of the dungeon, and saw 9 of its levels.
You also visited: Sewer.

You collected 393 gold pieces.
You spent 124 gold pieces at shops.


   Skills:
 + Level 4.6 Fighting
 - Level 2.0 Short Blades
 + Level 9.7 Bows
 + Level 7.1 Dodging
 + Level 4.7 Spellcasting
 + Level 6.6 Hexes
 - Level 4.0 Translocations
 + Level 2.7 Fire Magic
 + Level 1.2 Air Magic


You had 3 spell levels left.
You knew the following spells:

 Your Spells              Type           Power      Damage    Failure   Level
a - Slow                  Hex            100%       N/A       1%          1
b - Portal Projectile     Hex/Tloc       48%        N/A       5%          3
c - Inner Flame           Hex/Fire       22%        N/A       7%          3
d - Cause Fear            Hex            14%        N/A       11%         4
e - Swiftness             Air            9%         N/A       28%         3

Your spell library contained the following spells:

 Spells                   Type           Power      Damage    Failure   Level
 Passwall                 Tmut/Erth      3%         N/A       24%         2
 Ignite Poison            Fire/Tmut/Pois 7%         N/A       32%         3
 Mephitic Cloud           Conj/Pois/Air  6%         N/A       38%         3
 Summon Mana Viper        Hex/Summ       17%        N/A       75%         5
 Animate Armour           Summ/Erth      8%         N/A       83%         4
 Animate Dead             Necr           2%         N/A       83%         4
 Hailstorm                Conj/Ice       4%         3d4       83%         4
 Ice Form                 Ice/Tmut       4%         N/A       83%         4
 Summon Ice Beast         Ice/Summ       4%         N/A       83%         4
 Freezing Cloud           Conj/Ice/Air   3%         6-21      98%         5
 Blade Hands              Tmut           2%         N/A       99%         5
 Iron Shot                Conj/Erth      2%         9d2       100%        6
 Simulacrum               Ice/Necr       2%         N/A       100%        6
 Haunt                    Necr/Summ      2%         N/A       100%        7
 Monstrous Menagerie      Summ           2%         N/A       100%        7
 Infestation              Necr           2%         N/A       100%        8

Inventory:

Hand Weapons
 a - a +0 shortbow (weapon) {bow}
 b - a +0 short sword of venom {short}
   (You took it off a kobold on level 1 of the Dungeon)
 i - a +1 dagger of speed {short}
   (You found it on level 2 of the Dungeon)
 k - a +2 halberd of distortion {!wpolearm}
   (You took it off a gnoll on level 4 of the Dungeon)
 o - a +0 short sword of electrocution {short}
   (You took it off a kobold on level 1 of the Dungeon)
 I - a +1 flail of holy wrath {mace}
   (You took it off an orc on level 5 of the Dungeon)
Missiles
 c - 49 arrows (quivered ammo)
 e - 201 stones {throwing}
 j - 63 sling bullets
 v - 5 boomerangs {throwing}
 w - 40 poisoned darts {throwing}
 z - 3 curare-tipped darts {=fthrowing}
 M - a throwing net {=f!fthrowing}
Armour
 h - a scarf of shadows
   (You found it on level 2 of the Dungeon)
 C - the +3 leather armour of Brilliance (worn) {rCorr}
   (You found it on level 4 of the Dungeon)

   rCorr:     It protects you from acid and corrosion.
 D - the +0 leather armour of True Grit {Harm rElec}
   (You found it on level 5 of the Dungeon)

   rElec:     It insulates you from electricity.
   Harm:      It increases damage dealt and taken.
 K - a +2 pair of gloves (worn)
   (You found it on level 5 of the Dungeon)
Jewellery
 f - a ring of see invisible
   (You found it on level 4 of the Dungeon)
 s - an amulet of regeneration (around neck) {@e2}
   (You found it on level 3 of the Dungeon)
 t - a ring of protection from fire (left hand)
   (You found it on level 3 of the Dungeon)
 u - a +6 ring of strength (right hand)
   (You found it on level 3 of the Dungeon)
Wands
 L - a wand of flame (10)
   (You found it on level 7 of the Dungeon)
 N - a wand of polymorph (11)
   (You found it on level 6 of the Dungeon)
Scrolls
 d - 4 scrolls of noise {unknown}
 g - a scroll of identify {@r1}
 l - 6 scrolls of magic mapping {!r}
 n - 2 scrolls of immolation {unknown}
 r - a scroll of vulnerability {unknown}
 x - 2 scrolls of fog
 y - a scroll of enchant armour {unknown}
 B - 2 scrolls of teleportation {@r4}
 E - a scroll of silence {unknown}
 G - a scroll of blinking {unknown}
 O - a scroll of torment {unknown}
 P - a scroll of fear {unknown}
Potions
 m - a potion of mutation {!q}
 p - a potion of lignification {!q}
 q - 3 potions of heal wounds {@q2}
 A - a potion of invisibility
 F - 2 potions of haste {@q3}
 H - a potion of brilliance
 J - 2 potions of curing {@q1}
 Q - a potion of cancellation {unknown}

Dungeon Overview and Level Annotations

Branches:
Dungeon (8/15)             Temple (1/1) D:4           Sewer (visited)
   Lair: D:8-11

Altars:
Ashenzari
Cheibriados
Dithmenos
Elyvilon
Fedhas
Gozag
Nemelex Xobeh
Qazlal
Ru
Sif Muna
Trog
Uskayaw
Xom
Yredelemnul
Zin
The Shining One

Shops:
D:1 *

Annotations:
D:3 3 runed translucent doors, Deminshera's ghost, amateur KoVM; anet's ghost, weakling DECj
D:7 Joseph

####### ####.....##
#.........###
#.............
##............
#............
##...........
#.....#.....
####.@.##......
####...##.........
####....#####.......^
####....####
##....... ###....####
@...... ....####
(...... ..### (......
### ....... .......


You could see Joseph (slow).


Message History

Joseph seems to slow down. 😮 HP[+1] MP[-1]
You lost 1 mp, and now have 16/18 mp.
Casting: Slow (safe; 1% risk of failure)
Confirm with . or Enter, or press ? or * to list all spells.
You begin teleporting projectiles to their destination.
Joseph shoots a sling bullet.
The sling bullet barely misses you. 😕 HP[+1] MP[-3]
You lost 3 mp, and now have 13/18 mp.
Fire: 60 arrows
Press: ? - help, Q - select action, (/) - cycle Shift-Dir - straight line, f/p - Joseph
Aim: Joseph, wielding a +3 hunting sling of flaming, wearing a +0 leather armour and quivering sling bullets (slow, 69% to hit)
You magically shoot an arrow.
The arrow hits Joseph.
Joseph shoots a sling bullet.
The sling bullet closely misses you. 😕 HP[+1] MP[-1]
You lost 1 mp, and now have 12/18 mp.
Fire: 59 arrows
Press: ? - help, Q - select action, (/) - cycle Shift-Dir - straight line, f/p - Joseph
Aim: Joseph, wielding a +3 hunting sling of flaming, wearing a +0 leather armour and quivering sling bullets (lightly wounded, slow, 69% to hit)
You magically shoot an arrow.
The arrow hits Joseph. 😕 HP[+1] MP[-1]
You lost 1 mp, and now have 11/18 mp.
Fire: 58 arrows
Press: ? - help, Q - select action, (/) - cycle Shift-Dir - straight line, f/p - Joseph
Aim: Joseph, wielding a +3 hunting sling of flaming, wearing a +0 leather armour and quivering sling bullets (lightly wounded, slow, 69% to hit)
You magically shoot an arrow.
The arrow hits Joseph but does no damage.
Joseph shoots a sling bullet.
The sling bullet hits you. 😮 HP[-3] MP[-1]
You take 3 damage, and now have 39/52 hp.
You lost 1 mp, and now have 10/18 mp.
Fire: 57 arrows
Press: ? - help, Q - select action, (/) - cycle Shift-Dir - straight line, f/p - Joseph
Aim: Joseph, wielding a +3 hunting sling of flaming, wearing a +0 leather armour and quivering sling bullets (lightly wounded, slow, 69% to hit)
You magically shoot an arrow.
The arrow hits Joseph!
Fire: 56 arrows
Press: ? - help, Q - select action, (/) - cycle Shift-Dir - straight line, f/p - Joseph
Aim: Joseph, wielding a +3 hunting sling of flaming, wearing a +0 leather armour and quivering sling bullets (moderately wounded, slow, 69% to hit)
You magically shoot an arrow.
The arrow hits Joseph but does no damage.
Your magical contamination has completely faded away. 😕 HP[+1] MP[-1]
You lost 1 mp, and now have 9/18 mp.
Fire: 55 arrows
Press: ? - help, Q - select action, (/) - cycle Shift-Dir - straight line, f/p - Joseph
Aim: Joseph, wielding a +3 hunting sling of flaming, wearing a +0 leather armour and quivering sling bullets (moderately wounded, slow, 69% to hit)
You magically shoot an arrow.
The arrow hits Joseph. 😕 HP[+1] MP[-1]
You lost 1 mp, and now have 8/18 mp.
Fire: 54 arrows
Press: ? - help, Q - select action, (/) - cycle Shift-Dir - straight line, f/p - Joseph
Aim: Joseph, wielding a +3 hunting sling of flaming, wearing a +0 leather armour and quivering sling bullets (moderately wounded, slow, 69% to hit)
You magically shoot an arrow.
The arrow hits Joseph. 😕 HP[+1] MP[-1]
You lost 1 mp, and now have 7/18 mp.
Fire: 53 arrows
Press: ? - help, Q - select action, (/) - cycle Shift-Dir - straight line, f/p - Joseph
Aim: Joseph, wielding a +3 hunting sling of flaming, wearing a +0 leather armour and quivering sling bullets (heavily wounded, slow, 69% to hit)
You magically shoot an arrow.
The arrow hits Joseph but does no damage.
Joseph shoots a sling bullet.
The sling bullet hits you!
The sling bullet burns you. 😮 HP[-8] MP[-1]
You take 8 damage, and now have 34/52 hp.
You lost 1 mp, and now have 6/18 mp.
Fire: 52 arrows
Press: ? - help, Q - select action, (/) - cycle Shift-Dir - straight line, f/p - Joseph
Aim: Joseph, wielding a +3 hunting sling of flaming, wearing a +0 leather armour and quivering sling bullets (heavily wounded, slow, 69% to hit)
You magically shoot an arrow.
The arrow hits Joseph!
Joseph shoots a sling bullet.
The sling bullet hits you!
* * * LOW HITPOINT WARNING * * *
The sling bullet burns you.
* * * LOW HITPOINT WARNING * * *
😨 HP[-13] MP[-1]
You take 13 damage, and now have 21/52 hp.
MASSIVE DAMAGE!! (PAUSE)
You lost 1 mp, and now have 5/18 mp.
Fire: 51 arrows
Press: ? - help, Q - select action, (/) - cycle Shift-Dir - straight line, f/p - Joseph
Aim: Joseph, wielding a +3 hunting sling of flaming, wearing a +0 leather armour and quivering sling bullets (heavily wounded, slow, 69% to hit)
You magically shoot an arrow.
The arrow hits Joseph but does no damage. 😨 HP[+1] MP[-1]
You lost 1 mp, and now have 4/18 mp.
Fire: 50 arrows
Press: ? - help, Q - select action, (/) - cycle Shift-Dir - straight line, f/p - Joseph
Aim: Joseph, wielding a +3 hunting sling of flaming, wearing a +0 leather armour and quivering sling bullets (heavily wounded, slow, 69% to hit)
You magically shoot an arrow.
The arrow hits Joseph!
Joseph shoots a sling bullet.
The sling bullet hits you!
* * * LOW HITPOINT WARNING * * *
The sling bullet burns you.
* * * LOW HITPOINT WARNING * * *
😱 HP[-14] MP[-1]
You take 14 damage, and now have 8/52 hp.
MASSIVE DAMAGE!! (PAUSE)
You lost 1 mp, and now have 3/18 mp. 😱 HP[+1] MP[+1] Joseph shoots a sling bullet.
The sling bullet hits you!
You die...
Fedhas appreciates your contribution to the ecosystem.

Skill      XL: |  1  2  3  4  5  6  7  8  9 |
---------------+----------------------------+-----
Bows           | 4 5 6 7 8 9 |  9.7
Spellcasting   | 2 3 4 |  4.7
Translocations | 2 3 4 |  4.0
Fighting       | 1 2 3 4 |  4.6
Dodging        | 3 5 6 7 |  7.1
Hexes          | 5 6 |  6.6
Short Blades   | 1 2 |  2.0
Fire Magic     | 1 2 |  2.7
Air Magic      | 1 |  1.2

Action                   |  1- 3 |  4- 6 |  7- 9 || total
-------------------------+-------+-------+-------++-------
Melee: Short sword       |   150 |   137 |   438 ||   725
       Punch             |       |     3 |    14 ||    17
 Fire: Shortbow          |    16 |    79 |   193 ||   288
 Cast: Slow              |     2 |    19 |    37 ||    58
       Portal Projectile |       |     1 |    11 ||    12
  Use: Potion            |     1 |     1 |     2 ||     4
       Scroll            |       |       |     9 ||     9
 Stab: Sleeping          |       |     2 |     2 ||     4
Armor: Robe              |    30 |    26 |     6 ||    62
       Leather armour    |       |       |   108 ||   108
Dodge: Dodged            |    96 |    90 |   290 ||   476

Levels and vault maps discovered:
D:1:      dpeg_arrival_central, layout_loops_ring, serial_shops,
          nicolae_shop_overgrown_old_shop, shapermc_ecumenical_altar_flowoftime
D:2:      layout_basic, basic_altar
D:3:      layout_basic, nicolae_ru_great_annihilating_truth,
          mainiacjoe_overflow_alcove_2, gammafunk_ghost_cemetery,
          minmay_fractal_squares_5
D:4:      layout_loops_corners, minmay_temple_entry_large_hall,
          portal_sewer_entry_e, corexii_checkpoint_a, kennysheep_nondescript,
          roderic_cross_of_infinity, minmay_door_square
D:5:      layout_loops_corners, hangedman_abyss_or_decor_passed,
          minmay_misc_feat_nine_boxes
D:6:      layout_rooms, kennysheep_little_box
D:7:      layout_cave_pods, serial_shops, nicolae_shop_hallway_stairs,
          uniq_pikel, uniq_joseph
D:8:      layout_basic, okawaru_trees_1, wad_floor_pattern_2,
          patterned_corridor, uniq_maggie
Temple:   oiseaux_autumnal_temple

Notes
Turn   | Place    | Note
-------+----------+-------------------------------------------
     0 | D:1      | KyoPewz the Deep Elf Arcane Marksman began the quest for
                  | the Orb.
     0 | D:1      | Reached XP level 1. HP: 11/11 MP: 5/5
     0 | D:1      | magus.rc [v1.9.6]
    17 | D:1      | You fall into a shaft and drop 1 floor!
    30 | D:2      | Reached skill level 3 in Bows
   211 | D:2      | HP: 2/11 [poisoned by an adder]
   212 | D:2      | Reached skill level 4 in Bows
   212 | D:2      | Reached XP level 2. HP: 3/16 MP: 6/6
  1072 | D:2      | Found a bloodstained altar of Trog.
  1410 | D:1      | Reached XP level 3. HP: 19/20 MP: 7/7
  1645 | D:1      | Reached skill level 5 in Bows
  2072 | D:1      | Found Tuufur's Assorted Antiques.
  2096 | D:1      | HP: 4/20 [kobold (3)]
  2364 | D:1      | Bought a fuming orange potion for 28 gold pieces
  2937 | D:1      | Found a faded altar of an unknown god.
  3000 | D:2      | HP: 5/20 [kobold (4)]
  3021 | D:1      | HP: 5/20 [kobold (1)]
  3462 | D:2      | Reached XP level 4. HP: 22/24 MP: 8/8
  3477 | D:1      | Learned a level 3 spell: Portal Projectile
  4183 | D:2      | Reached skill level 6 in Bows
  4183 | D:2      | Reached skill level 2 in Spellcasting
  4183 | D:2      | Reached skill level 1 in Translocations
  4337 | D:3      | Found a runed translucent gate.
  4337 | D:3      | Found a runed translucent gate.
  4338 | D:3      | Found a runed translucent gate.
  4340 | D:3      | Noticed Deminshera's ghost (amateur KoVM)
  4340 | D:3      | Noticed anet's ghost (weakling DECj)
  4352 | D:3      | You pick up a book of Burglary and begin reading...
  4352 | D:3      | You add the spells Passwall and Swiftness to your library.
  4357 | D:3      | Learned a level 3 spell: Inner Flame
  4363 | D:3      | Found a sacrificial altar of Ru.
  4377 | D:3      | Reached skill level 2 in Translocations
  4377 | D:3      | Reached XP level 5. HP: 24/28 MP: 8/10
  4510 | D:3      | Found a blossoming altar of Fedhas.
  4728 | D:3      | Became a worshipper of Fedhas Madash
  5038 | D:4      | Found a glowing drain.
  5043 | Sewer    | Entered a sewer
  5104 | Sewer    | Reached skill level 1 in Fighting
  5174 | Sewer    | Reached skill level 3 in Dodging
  5174 | Sewer    | Reached skill level 3 in Spellcasting
  5174 | Sewer    | Reached skill level 3 in Translocations
  5174 | Sewer    | Reached XP level 6. HP: 32/34 MP: 2/12
  5774 | Sewer    | HP: 8/34 [kobold brigand (3)]
  5777 | Sewer    | HP: 1/34 [kobold brigand (7)]
  5969 | Sewer    | Reached skill level 2 in Fighting
  5969 | Sewer    | Reached skill level 7 in Bows
  5969 | Sewer    | Reached XP level 7. HP: 16/40 MP: 13/13
  6267 | Sewer    | Reached * piety under Fedhas
  6493 | Sewer    | Reached skill level 4 in Dodging
  6493 | Sewer    | Reached skill level 5 in Hexes
  6493 | Sewer    | Reached skill level 4 in Translocations
  6627 | D:5      | Entered Level 5 of the Dungeon
  6726 | D:4      | Found a staircase to the Ecumenical Temple.
  6739 | D:4      | You pick up a book of Death and begin reading...
  6739 | D:4      | You add the spells Animate Dead, Haunt and Infestation to
                  | your library.
  6774 | D:4      | HP: 10/40 [acid (9)]
  6804 | D:4      | HP: 6/40 [acid (8)]
  6816 | D:4      | HP: 8/40 [acid (8)]
  6825 | D:4      | HP: 2/40 [acid (11)]
  7061 | D:4      | Identified the +3 leather armour of Brilliance {rCorr}
  7128 | Temple   | Entered the Ecumenical Temple
  7733 | D:4      | HP: 10/40 [water moccasin (6)]
  7734 | D:4      | HP: 2/40 [poisoned by a water moccasin]
  7739 | D:4      | HP: 8/40 [poisoned by a water moccasin]
  7744 | D:4      | HP: 7/40 [poisoned by a water moccasin]
  8461 | D:4      | Reached skill level 3 in Fighting
  8461 | D:4      | Reached skill level 8 in Bows
  8461 | D:4      | Reached skill level 5 in Dodging
  8461 | D:4      | Reached XP level 8. HP: 46/46 MP: 14/14
  8695 | D:1      | Bought a scroll labelled HYAFOKH UGEZAO for 32 gold pieces
  8695 | D:1      | Bought a scroll labelled SOTHRUA YTOU for 32 gold pieces
  8695 | D:1      | Bought a scroll labelled AGUAKI YMESTRA for 32 gold pieces
  8995 | D:5      | Reached ** piety under Fedhas
  9248 | D:5      | You pick up a book of Beasts and begin reading...
  9248 | D:5      | You add the spells Summon Ice Beast, Summon Mana Viper and
                  | Monstrous Menagerie to your library.
  9251 | D:5      | Identified the +0 leather armour of True Grit {Harm rElec}
  9434 | D:5      | You pick up a book of Iron and begin reading...
  9434 | D:5      | You add the spells Animate Armour, Blade Hands and Iron
                  | Shot to your library.
  9484 | D:5      | Reached skill level 6 in Dodging
  9640 | D:5      | Reached skill level 4 in Fighting
  9640 | D:5      | Reached skill level 9 in Bows
  9675 | D:5      | Learned a level 4 spell: Cause Fear
 10258 | D:6      | You pick up a book of the Tundra and begin reading...
 10258 | D:6      | You add the spells Hailstorm, Ice Form and Simulacrum to
                  | your library.
 10367 | D:6      | Reached skill level 1 in Short Blades
 10367 | D:6      | Reached skill level 1 in Fire Magic
 10820 | D:6      | Found a snail-covered altar of Cheibriados.
 10890 | D:6      | Reached XP level 9. HP: 37/52 MP: 6/16
 11111 | D:6      | Reached skill level 4 in Spellcasting
 11111 | D:6      | Reached skill level 2 in Fire Magic
 11326 | D:7      | Reached *** piety under Fedhas
 11398 | D:7      | You add the spells Ignite Poison, Mephitic Cloud and
                  | Freezing Cloud to your library.
 11403 | D:7      | Learned a level 3 spell: Swiftness
 11532 | D:6      | Reached skill level 6 in Hexes
 11760 | D:7      | Noticed Pikel
 11841 | D:7      | Killed Pikel
 11842 | D:7      | Reached skill level 2 in Short Blades
 11842 | D:7      | Reached skill level 7 in Dodging
 11842 | D:7      | Reached skill level 1 in Air Magic
 11902 | D:7      | Noticed Joseph
 11917 | D:7      | HP: 10/52 [Joseph/sling bullet (13)]
 11919 | D:7      | Shot with a sling bullet by Joseph

Vanquished Creatures
  Pikel (D:7)
  3 water moccasins
  An ice beast (D:6)
  2 sky beasts (D:5)
  An ogre (D:6)
  A necrophage (D:4)
  A centaur (D:6)
  A phantom (D:5)
  4 lemures (D:7)
  7 kobold brigands (Sewer)
  2 bullfrogs
  A gnoll sergeant (D:5)
  2 howler monkeys
  2 orc priests
  4 hounds
  A bullfrog skeleton (D:5)
  A jelly (D:4)
  A gnoll shaman (D:5)
  An iguana (D:5)
  3 orc wizards
  A killer bee zombie (D:5)
  A howler monkey zombie (D:4)
  13 gnolls
  A howler monkey skeleton (D:5)
  4 river rats (Sewer)
  7 adders
  A shadow imp (D:6)
  An ufetubus (D:7)
  3 worms
  3 dart slugs
  15 orcs
  7 ball pythons
  11 endoplasms
  3 giant cockroaches
  14 goblins
  7 hobgoblins
  3 jackals (D:1)
  13 kobolds
  5 quokkas
  7 bats
  3 frilled lizards
  11 rats
174 creatures vanquished.

Vanquished Creatures (others)
  A plant (D:1)
  9 withered plants
10 creatures vanquished.

Grand Total: 184 creatures vanquished

Table legend:
 A = Non-vault XP
 B = Vault XP
 C = Vault XP percentage of total XP
 D = Non-vault monster count
 E = Vault monster count
 F = Vault count percentage of total count
                 A         B        C        D         E       F
            +---------+---------+-------+---------+---------+-------
      Total |    2657 |    1475 |  35.7 |     130 |      40 |  23.5
            +---------+---------+-------+---------+---------+-------
        D:1 |      57 |       0 |   0.0 |      29 |       0 |   0.0
        D:2 |      85 |       0 |   0.0 |      19 |       0 |   0.0
        D:3 |      52 |      47 |  47.5 |      15 |       9 |  37.5
        D:4 |     400 |       5 |   1.2 |      16 |       2 |  11.1
        D:5 |     923 |       0 |   0.0 |      25 |       0 |   0.0
        D:6 |     932 |       0 |   0.0 |      18 |       0 |   0.0
        D:7 |     208 |     607 |  74.5 |       8 |       1 |  11.1
      Sewer |       0 |     816 | 100.0 |       0 |      28 | 100.0
            +---------+---------+-------+---------+---------+-------

Illustrated notes

Table legend:
 A = Kills in this place as a percentage of kills in entire the game.
 B = Kills by you in this place as a percentage of kills by you in the entire game.
 C = Kills by friends in this place as a percentage of kills by friends in the entire game.
 D = Other kills in this place as a percentage of other kills in the entire game.
 E = Experience gained in this place as a percentage of experience gained in the entire game.
 F = Experience gained in this place divided by the number of levels of this place that you have seen.
                   A       B       C       D       E      F
               +-------+-------+-------+-------+-------+----------------------
         Total | 100.0 | 100.0 |   N/A |   N/A | 100.0 | 413.2
       Dungeon |  83.5 |  83.5 |   N/A |   N/A |  80.3 | 414.5
         Sewer |  16.5 |  16.5 |   N/A |   N/A |  19.7 | 816.0
               +-------+-------+-------+-------+-------+----------------------

Table legend: (Time is in decaauts)
 A = Elapsed time spent in this place.
 B = Non-inter-level travel time spent in this place.
 C = Inter-level travel time spent in this place.
 D = Time resting spent in this place.
 E = Time spent auto-exploring this place.
 F = Levels seen in this place.
 G = Mean time per level.
                   A        B        C        D        E       F      G
               +--------+--------+--------+--------+--------+-----+--------+
         Total |  12175 |  11282 |    893 |   2365 |   5612 |  10 | 1217.5 |
       Dungeon |  10083 |   9215 |    868 |   1695 |   4958 |   8 | 1260.4 |
        Temple |    331 |    306 |     25 |      0 |    283 |   1 |  331.0 |
         Sewer |   1760 |   1760 |      0 |    670 |    371 |   1 | 1760.0 |
               +--------+--------+--------+--------+--------+-----+--------+

Top non-repeatable levels by time:
     D:1: 2254 daAuts
     D:2: 1890 daAuts
   Sewer: 1760 daAuts
     D:4: 1650 daAuts
     D:5: 1584 daAuts
     D:3: 1206 daAuts
     D:6: 893 daAuts
     D:7: 601 daAuts
  Temple: 331 daAuts
     D:8: 1 daAuts
